 Dungeon Crawl Stone Soup version 0.17.1-3-g152610e (webtiles) character file.

158 Daefecator the Ducker (level 5, -6/40 HPs)
             Began as a Mummy Gladiator on Apr 4, 2016.
             Was an Initiate of Gozag.
             Mangled by an ogre
             ... wielding a +0 giant club
              (20 damage)
             ... on level 4 of the Dungeon.
             The game lasted 00:26:40 (5488 turns).

Daefecator the Ducker (Mummy Gladiator)             Turns: 5488, Time: 00:26:40

Health: -6/40      AC:  8    Str: 19    XL:     5   Next: 16%
Magic:  5/5        EV: 11    Int:  8    God:    Gozag
Gold:   155        SH:  0    Dex: 12    Spells: 0 memorised, 4 levels left

rFire  x . .     SeeInvis .     a - +0 long sword
rCold  + . .     Clarity  .     s - +1 scale mail
rNeg   + + +     SustAt   .     (no shield)
rPois  ∞         Gourm    .     c - +0 helmet
rElec  .         Spirit   .     (no cloak)
rCorr  .         Warding  .     (no gloves)
rMut   .         Stasis   .     (no boots)
MR     .....                    (no amulet)
Stlth  ..........               (no ring)
                                (no ring)

@: not resistant to hostile enchantments, extremely unstealthy
A: no food or potions, fire vulnerability, cold resistance 1, negative energy
resistance 3, torment resistance, unbreathing
a: Potion Petition, Call Merchant, Bribe Branch, Renounce Religion


You were on level 4 of the Dungeon.
You worshipped Gozag.
Gozag was noncommittal.
You were not hungry.

You visited 2 branches of the dungeon, and saw 4 of its levels.

You collected 179 gold pieces.
You paid 24 gold pieces to Gozag.

Inventory:

Hand Weapons
 a - a +0 long sword (weapon)
 m - a +0 hunting sling
 t - the +11 quarterstaff of the Toadstool {venom, rF+ Str-5 Dex+3, unknown}
   (You found it on level 4 of the Dungeon)

   It poisons the flesh of those it strikes.
   It affects your strength (-5).
   It affects your dexterity (+3).
   It protects you from fire.
Missiles
 d - 3 throwing nets (quivered)
 i - 7 tomahawks
 k - 75 stones
 n - 28 poisoned needles
 q - 14 bolts
 r - 15 sling bullets
 x - 6 javelins
Armour
 b - a +0 leather armour
 c - a +0 helmet (worn)
 e - a +0 robe
 g - a +0 scale mail
 h - a +0 ring mail
 j - a +0 scale mail
 l - a +0 chain mail
 p - a +0 robe
 s - a +1 scale mail (worn)
 v - a +0 chain mail
 w - a cursed -1 scale mail
Scrolls
 f - a scroll of fog
 o - a scroll of identify
Books
 u - an Akashic Record

   Spells                             Type                      Level
   a - Dispersal                      Translocation                6
   b - Malign Gateway                 Summoning/Translocation      7
   c - Disjunction                    Translocation                8
   d - Controlled Blink               Translocation                8


   Skills:
 + Level 2.8 Fighting
 + Level 2.9 Long Blades
 + Level 1.5 Throwing
 + Level 1.5 Armour
 + Level 3.5 Dodging
 + Level 0.6 Stealth


You had 4 spell levels left.
You didn't know any spells.

Dungeon Overview and Level Annotations

Branches:
Dungeon (4/15)             Temple (1/1) D:4

Altars:
Cheibriados
Dithmenos
Gozag
Kikubaaqudgha
Makhleb
Nemelex Xobeh
Ru
Trog
Xom
Yredelemnul
Zin
The Shining One


Innate Abilities, Weirdness & Mutations

You do not eat or drink.
Your flesh is vulnerable to fire.
You are immune to poison.
Your flesh is cold resistant.
You are immune to negative energy.
You are immune to unholy pain and torment.
You can survive without breathing.


Message History

The orc hits you but does no damage. The ogre hits you with a giant club.
You slash the ogre!
The ogre is heavily wounded.
The orc hits you with a club. The ogre closely misses you.
You barely miss the ogre.
The ogre is heavily wounded.
The orc hits you but does no damage. The ogre hits you with a giant club!
The orc hits you but does no damage.
You hit the ogre.
The ogre is heavily wounded.
The ogre barely misses you. The orc hits you but does no damage.
You closely miss the ogre.
The ogre is heavily wounded.
The ogre hits you but does no damage. The orc hits you but does no damage.
You slash the orc!
You kill the orc!
The ogre hits you with a giant club!!
Ouch! That really hurt!
You die...
Your body crumbles into a pile of gold.

#.##.#####...##≈######≈## #.#
#####.#..........#≈≈≈≈≈≈≈≈≈≈# #.#
...........#.###.#≈≈≈####≈≈≈# #.#
#####.#......# #.##≈##≈≈##≈## #.#
#.........##.###.##≈#≈≈.≈#≈####.#
#....#....##.....##≈#≈≈≈≈#≈#....#
#..#...##.####.#.##≈##≈≈##≈######
.............o.#$#≈≈≈#≈≈#≈≈≈#
.≈≈≈≈≈.≈≈≈≈≈.###@#≈≈≈#≈≈≈≈≈≈#
.≈###≈.≈###≈.# #O##≈######≈## .≈#
#≈.≈# #≈.# ##.#.#.##.###
.≈###≈.≈###≈.# #.#..###.#
.≈≈≈≈≈.≈≈≈≈≈.# #.#...##.#
.............## #.#.#.##.#
.≈≈≈≈≈.≈≈≈≈≈..# #.#...##.#
.≈###≈.≈###≈..# #.###.##.# ####
.≈# #≈.≈# #≈..# #.##...#.# ##...


You could see an ogre.

Vanquished Creatures
  An orc wizard (D:4)
  A worker ant (D:4)
  A river rat (D:4)
  3 worms
  6 giant geckos
  9 orcs (D:4)
  5 bats (D:1)
  6 giant cockroaches
  3 hobgoblins (D:2)
  8 jackals (D:1)
  10 kobolds
  A quokka (D:2)
  2 ball pythons
  2 ball python skeletons (D:4)
  4 giant newts
  6 goblins
  9 rats
77 creatures vanquished.

Notes
Turn   | Place    | Note
--------------------------------------------------------------
     0 | D:1      | Daefecator the Mummy Gladiator began the quest for the Orb.
     0 | D:1      | Reached XP level 1. HP: 16/16 MP: 1/1
   154 | D:1      | Reached XP level 2. HP: 17/22 MP: 2/2
   577 | D:1      | Reached skill level 3 in Dodging
   873 | D:1      | Reached XP level 3. HP: 27/27 MP: 3/3
  2925 | D:2      | You fall through a shaft for 2 floors!
  3157 | D:4      | Reached skill level 1 in Armour
  3157 | D:4      | Reached XP level 4. HP: 25/34 MP: 4/4
  3430 | D:4      | Found a staircase to the Ecumenical Temple.
  3442 | Temple   | Entered the Ecumenical Temple
  3739 | Temple   | Became a worshipper of Gozag Ym Sagoz the Greedy
  4187 | D:4      | Got a crude quarterstaff
  4418 | D:4      | Reached XP level 5. HP: 8/39 MP: 5/5
  4429 | D:4      | HP: 1/40 [worm (9)]
  5477 | D:4      | Noticed an ogre
  5488 | D:4      | Mangled by an ogre

Action                   |  1- 3 |  4- 6 || total
-------------------------+-------+-------++-------
Melee: Long sword        |   190 |   125 ||   315
  Use: Scroll            |     5 |     1 ||     6
